 Dungeon Crawl Stone Soup version 0.30-a0-122-g2a1322497e (webtiles) character file.

Game seed: 15358491180491155415

53 blackman the Caller (level 3, 0/14 HPs)
             Began as a Felid Summoner on Sept 16, 2022.
             Slain by Jessica
             ... wielding a +0 dagger
              (3 damage)
             ... on level 2 of the Dungeon.
             The game lasted 00:10:04 (2540 turns).

blackman the Caller (Felid Summoner)                Turns: 2540, Time: 00:10:05

Health: 0/14       AC:  2    Str:  3 (4)  XL:     3   Next: 62%
Magic:  4/7        EV: 17    Int: 15 (18) God:
Gold:   94         SH:  0    Dex: 15 (16) Spells: 3/6 levels left
                                        Lives:  0   Deaths: 0

rFire   . . .      SeeInvis +    (weapon unavailable)
rCold   . . .      Faith    .    (shield unavailable)
rNeg    . . .      Spirit   .    (body armour unavailable)
rPois   .          Reflect  .    (helmet unavailable)
rElec   .          Harm     .    (cloak unavailable)
rCorr   .          Rampage  .    (gloves unavailable)
Will    .....                    (boots unavailable)
Stlth   ++........               (no amulet)
HPRegen 0.04/turn                (no ring)
MPRegen 0.10/turn                (no ring)

@: brilliant, attractive, quick
A: very small, claws 1, fangs 3, see invisible, speed 1, shaggy fur 2, stealthy
paws, no weapons or thrown items, no armour, multi-lived
a: no special abilities


You were on level 2 of the Dungeon.
You visited 1 branch of the dungeon, and saw 2 of its levels.

You collected 94 gold pieces.

Inventory:

Jewellery
 g - an amulet of guardian spirit
Scrolls
 d - 2 scrolls of torment {unknown}
 h - 2 scrolls of amnesia {unknown}
 i - a scroll of summoning {unknown}
 j - 4 scrolls of identify {unknown}
 l - a scroll of poison {unknown}
 n - a scroll of noise {unknown}
 o - a scroll of fear {unknown}
Potions
 a - a potion of magic
 b - a potion of degeneration
 e - a potion of haste {unknown}
 f - a potion of curing {unknown}


   Skills:
 - Level 3.0 Dodging
 - Level 3.0 Stealth
 - Level 2.1 Spellcasting
 * Level 5.1 Summonings


You had 3 spell levels left.
You knew the following spells:

 Your Spells              Type           Power      Damage    Failure   Level
a - Summon Small Mammal   Summ           100%       N/A       2%          1
b - Call Imp              Summ           25%        N/A       4%          2

Your spell library contained the following spells:

 Spells                   Type           Power      Damage    Failure   Level
 Call Canine Familiar     Summ           25%        N/A       8%          3
 Summon Guardian Golem    Hex/Summ       13%        N/A       22%         3
 Summon Lightning Spire   Summ/Air       13%        N/A       58%         4


Dungeon Overview and Level Annotations

Branches:
Dungeon (2/15)

Altars:

Shops:
D:1 [([[(

Annotations:
D:2 Jessica


Innate Abilities, Weirdness & Mutations

You have sharp claws.
You have razor-sharp teeth.
You have supernaturally acute eyesight. (SInv)
You cover ground quickly. (Speed+)
You are covered in thick fur. (AC +2)
Your paws help you pounce on unaware monsters.
You are incapable of wielding weapons or throwing items.
You cannot wear armour.
You gain extra lives every three experience levels.


Message History

An adder and a quokka come into view.
The adder hisses angrily.
Jessica gestures wildly while chanting.
Jessica blinks!
You scratch Jessica.
Jessica is moderately wounded.
Jessica points at you and mumbles some strange words.
Pain shoots through your body!
Ouch! That really hurt!
* * * LOW HITPOINT WARNING * * *
Jessica gestures wildly while chanting.
Jessica seems to speed up.
Your quokka bites Jessica but does no damage.
Your iron imp misses Jessica.
Casting: Summon Small Mammal (safe; 2% risk of failure)
Confirm with . or Enter, or press ? or * to list all spells.
Jessica attacks as you move away! Jessica misses you.
Jessica casts a spell.
Jessica blinks!
Jessica looks very angry.
It was a potion of degeneration.
There was something very wrong with that liquid.
You feel weakened.
You feel dopey.
You feel clumsy.
Jessica hits your quokka with a +0 dagger.
Your quokka bites Jessica.
It was a potion of attraction.
You feel attractive to monsters.
Jessica hits your quokka with a +0 dagger.
Jessica misses your quokka.
Your iron imp hits Jessica.
Jessica is attracted toward you.
It was a potion of brilliance.
You feel clever all of a sudden. Something barely misses your iron imp.
Jessica misses you.
Your quokka barely misses Jessica.
It was a potion of mutation.
You feel extremely strange.
You feel clumsy.
Your fur grows into a thick mane.
You feel agile. Jessica completely misses you.
Your quokka bites Jessica but does no damage.
Jessica hits you with a +0 dagger.
You die...

#### #############.## ..#
#.............# #.#
#.###########†## #
##.####.###########...
##.###......)†.>.........#.
#............##########..#.
#........##### #..##
#....#..#### #..##
##.#.#5rr@@# #..## #
#.#.###.# #...^ ##.#.#.#
#.# ##.#. #.....@# #.# #.#.
#....5r# #.# #...
#..)r..S.# #.# ###.
.............# #.
........###### #. .##...#.#
#.


You could see Jessica (fast, ally target), a friendly iron imp (summoned) and 2
friendly quokkas.

Vanquished Creatures
  An endoplasm (D:1)
  A giant cockroach (D:2)
  A jackal (D:1)
  2 ball pythons
  3 bats (D:1)
  A frilled lizard (D:1)
9 creatures vanquished.

Vanquished Creatures (collateral kills)
  2 adders (D:2)
  A worm (D:2)
  2 endoplasms
  A giant cockroach (D:1)
  2 goblins (D:1)
  2 hobgoblins (D:2)
  A jackal (D:1)
  3 ball pythons
  2 bats (D:1)
  3 frilled lizards (D:1)
  4 kobolds (D:2)
  A rat (D:2)
24 creatures vanquished.

Vanquished Creatures (others)
  5 plants (D:1)
5 creatures vanquished.

Grand Total: 38 creatures vanquished

Notes
Turn   | Place    | Note
-------+----------+-------------------------------------------
     0 | D:1      | blackman the Felid Summoner began the quest for the Orb.
     0 | D:1      | Reached XP level 1. HP: 7/7 MP: 4/4
    13 | D:1      | Found Segam's Antique Armour Emporium.
   113 | D:1      | Found Gyetiat's Antique Weapon Boutique.
   143 | D:1      | Found Ysmatheafu's Weapon Shoppe.
   190 | D:1      | Found a faded altar of an unknown god.
   237 | D:1      | Found Daenaph's Antique Armour Shop.
   509 | D:1      | Reached XP level 2. HP: 3/11 MP: 3/6
  1149 | D:1      | Found Duq Vast's Antique Armour Boutique.
  1704 | D:1      | Learned a level 2 spell: Call Imp
  1885 | D:2      | Reached XP level 3. HP: 14/14 MP: 2/7
  2467 | D:2      | Reached skill level 5 in Summonings
  2517 | D:2      | Noticed Jessica
  2540 | D:2      | Gained mutation: You are clumsy. (Dex -2) [potion of
                  | mutation]
  2540 | D:2      | Gained mutation: You are covered in thick fur. (AC +2)
                  | [potion of mutation]
  2540 | D:2      | Lost mutation: You are clumsy. (Dex -2) [potion of
                  | mutation]
  2540 | D:2      | Slain by Jessica

Illustrated notes

Levels and vault maps discovered:
D:1:      dpeg_arrival_arbitrary_b, layout_loops_ring,
          hellmonk_ecumenical_altar_lost_god, serial_shops,
          nicolae_lakefront_shop, nicolae_shop_window_shopping, shop,
          nicolae_shop_crystal, nicolae_shop_stone, chequers_big_river,
          minmay_hedge_maze, minmay_cupped
D:2:      layout_loops_ring, uniq_jessica

Skill      XL: |  1  2  3 |
---------------+----------+-----
Dodging        | 3 |  3.0
Stealth        | 3 |  3.0
Summonings     | 5 |  5.1
Spellcasting   | |  2.1

Action                   || total
-------------------------++-------
Melee: Unarmed           ||    50
       Bite              ||     6
 Cast: Summon Small Mamm ||    50
       Call Imp          ||    12
  Use: Potion            ||     4
Armor: Skin              ||     7
Dodge: Dodged            ||    49

Table legend: (Time is in decaauts)
 A = Elapsed time spent in this place.
 B = Non-inter-level travel time spent in this place.
 C = Inter-level travel time spent in this place.
 D = Time resting spent in this place.
 E = Time spent auto-exploring this place.
 F = Levels seen in this place.
 G = Mean time per level.
                   A        B        C        D        E       F      G
               +--------+--------+--------+--------+--------+-----+--------+
         Total |   2314 |   2274 |     40 |    378 |   1527 |   2 | 1157.0 |
       Dungeon |   2314 |   2274 |     40 |    378 |   1527 |   2 | 1157.0 |
               +--------+--------+--------+--------+--------+-----+--------+

Top non-repeatable levels by time:
     D:1: 1570 daAuts
     D:2: 744 daAuts
